 Dungeon Crawl Stone Soup version 0.20.0-15-g7f486f2 (webtiles) character file.

78544 Kosschaser the Executioner (level 15, -24/144 HPs)
             Began as a Hill Orc Berserker on June 30, 2017.
             Was the Champion of Trog.
             Blown up by an orb spider (46 damage)
             ... with an orb of destruction
             ... on level 3 of the Spider Nest on July 1, 2017.
             The game lasted 01:33:22 (20708 turns).

Kosschaser the Executioner (Hill Orc Berserker)    Turns: 20708, Time: 01:33:22

Health: -24/144    AC: 20    Str: 22      XL:     15   Next: 60%
Magic:  0/15       EV: 17    Int:  7      God:    Trog [******]
Gold:   1437       SH:  0    Dex: 17 (18) Spells: 14/14 levels left

rFire    . . .     SeeInvis +   N - +2 battleaxe (venom)
rCold    + + .     Gourm    .   (shield currently unavailable)
rNeg     + . .     Faith    .   Z - +5 ring mail of the Shoals {rPois Regen+ Slay+3}
rPois    +         Spirit   +   s - +2 hat
rElec    +         Reflect  .   R - +0 cloak
rCorr    .         Harm     .   e - +2 pair of gloves {Dex+3}
MR       ++...                  (no boots)
Stlth    +.........             x - amulet "Doaj" {Spirit rN+ MR+ Slay+2}
Regen    0.0/turn               a - ring "Ruceweka" {*Slow +Inv rElec rPois rC++}
MPRegen  0.2/turn               S - ring of see invisible

@: no status effects
A: claws 2, hooves 1, sense surroundings 1, screaming 1, electricity resistance,
inhibited regeneration, evolution 1, sturdy frame 1
a: Berserk, Trog's Hand, Brothers in Arms, Burn Spellbooks, Renounce Religion,
Evoke Invisibility


You were on level 3 of the Spider Nest.
You worshipped Trog.
Trog was exalted by your worship.
You were near starving.

You visited 3 branches of the dungeon, and saw 20 of its levels.

You collected 1437 gold pieces.

Inventory:

Hand Weapons
 i - a +0 hand axe of flaming
 H - a +3 antimagic battleaxe
 I - a +6 battleaxe of freezing
 J - a +2 battleaxe of electrocution
 N - a +2 battleaxe of venom (weapon)
Armour
 e - a +2 pair of gloves of dexterity (worn)
 s - a +2 hat (worn)
 A - a +2 chain mail of fire resistance
 R - a +0 cloak (worn)
 Z - the +5 ring mail of the Shoals (worn) {rPois Regen+ Slay+3}
   (You found it on level 6 of the Lair of Beasts)

   It affects your accuracy and damage with ranged weapons and melee attacks
   (+3).
   It protects you from poison.
   It increases your rate of regeneration.
Jewellery
 a - the ring "Ruceweka" (left hand) {*Slow +Inv rElec rPois rC++}
   (You found it on level 5 of the Dungeon)

   [ring of poison resistance]

   It greatly protects you from cold.
   It insulates you from electricity.
   It protects you from poison.
   It lets you turn invisible.
   It may slow you when you take damage.
 j - an uncursed ring of magical power
 n - an uncursed ring of flight
 x - the amulet "Doaj" (around neck) {Spirit rN+ MR+ Slay+2}
   (You found it on level 11 of the Dungeon)

   [amulet of guardian spirit]

   It causes incoming damage to be split between your health and magic.
   It affects your accuracy and damage with ranged weapons and melee attacks
   (+2).
   It protects you from negative energy.
   It affects your resistance to hostile enchantments.
 K - the ring of the Devil's Advocate {rElec rPois MR+ Slay+3}
   (You found it on level 7 of the Dungeon)

   [ring of slaying]

   It affects your accuracy and damage with ranged weapons and melee attacks
   (+3).
   It insulates you from electricity.
   It protects you from poison.
   It affects your resistance to hostile enchantments.
 S - a ring of see invisible (right hand)
Wands
 M - a wand of lightning (5/15)
Scrolls
 d - 7 scrolls of amnesia
 h - 9 scrolls of teleportation
 k - 5 scrolls of enchant armour
 m - 6 scrolls of remove curse
 r - 6 scrolls of fog
 y - a scroll of holy word
 C - 2 scrolls of recharging
 F - 2 scrolls of fear
 G - 4 scrolls of magic mapping
 X - 2 scrolls of blinking
Potions
 b - 3 potions of lignification
 l - a potion of haste
 p - 8 potions of curing
 q - 4 potions of heal wounds
 t - 3 potions of invisibility {unknown}
 u - 2 potions of mutation {unknown}
 v - 2 potions of ambrosia
 B - a potion of magic
 E - 3 potions of agility
 L - 3 potions of might {unknown}
 O - 3 potions of degeneration {unknown}
 P - 3 potions of berserk rage {unknown}
 Q - a potion of resistance
 U - 2 potions of flight {unknown}
 Y - 2 potions of cancellation {unknown}
Books
 z - the Volume of Boosting Fire
   (You found it on level 3 of the Lair of Beasts)

   Spells                             Type                      Level
   a - Flame Tongue                   Conjuration/Fire             1
   b - Song of Slaying                Charms                       2
   c - Ozocubu's Armour               Charms/Ice                   3
   d - Spectral Weapon                Hexes/Charms                 3
   e - Excruciating Wounds            Charms/Necromancy            5
   f - Iskenderun's Battlesphere      Conjuration/Charms           5
   Trog disapproves of the use of such an item.
Comestibles
 c - 14 bread rations
 f - 25 fruits
 g - 14 royal jellies
 o - 6 meat rations


   Skills:
 + Level 16.0 Fighting
 + Level 21.1 Axes
 + Level 13.5 Armour
 + Level 8.1 Dodging
 - Level 2.0 Stealth


You had 14 spell levels left.
You didn't know any spells.

Dungeon Overview and Level Annotations

Branches:
Dungeon (11/15)            Temple (0/1) D:5            Lair (6/6) D:8
 Shoals (0/4) Lair:4       Spider (3/4) Lair:2        Slime (0/5) Lair:6
    Orc: D:9-12

Altars:
Dithmenos
Elyvilon
Fedhas
Ru
Uskayaw
Jiyva

Portals:
Trove: D:10 (give 7 potions of agility)

Annotations:
D:7 3 transporters


Innate Abilities, Weirdness & Mutations

You have very sharp fingernails.
You have large cloven feet.
You passively map a small area around you.
You occasionally shout uncontrollably at your foes.
You are resistant to electric shocks. (rElec)
You do not regenerate when monsters are visible.
You evolve.
Your movements are slightly less encumbered by armour. (ER -2)


Message History

The orb of destruction hits you!
* * * LOW HITPOINT WARNING * * *
The orb spider begins to weave its threads into a brightly glowing ball.
The orb spider pulsates with a strange energy.
You slice the orb spider!!
The orb spider looks as sick as possible!
Your kick misses the orb spider.
The orb spider is heavily wounded.
You closely miss the orb spider. Your kick misses the orb spider.
The orb spider is severely wounded.
The orb spider weaves a glowing orb of energy.
A redback and an orb of destruction come into view.
Trog accepts your kill.
You feel a bit more experienced.
The orb spider weaves a glowing orb of energy.
An orb of destruction comes into view.
There is a stone staircase leading up, spattered with blood here.
You see here 5 needles of paralysis.
The orb of destruction hits you!
You die...

, ........##.
.#.* , ,,
*......#..^.....
,
.#.........#...#.
,,
......#...#......
*
.........s......^
* ,
#.......§#.#...#.
,
..#...#.§.*s.....
, ,
........§†.......
, , ,
,..#.....@.^....†
,
..s......††......
,
........##...^...
,
.........,^..#.#.
......^^# #^.....
* , ..#...#..
..#.#. ........#,
...... , * , ,
........, #.....
≈ , .... .. ,
....,


You could see an orb spider and a redback (wandering).

Vanquished Creatures
  Kirke (Lair:5)
  A ghost moth (Spider:2)
  An entropy weaver (Spider:2)
  Nessos (Lair:5)
  3 hydras
  5 death yaks
  A fire crab (Lair:5)
  3 unseen horrors (D:11)
  Pikel (D:6)
  2 oklob plants (Lair:1)
  5 orb spiders
  23 wolf spiders
  The ghost of CInkIbrahim the Spear-Bearer, a novice OpGl (D:5)
  A moth of wrath (Spider:2)
  A manticore (D:11)
  2 torpor snails
  2 centaur zombies (D:11)
  3 black mambas
  16 spiny frogs
  3 rime drakes
  11 demonic crawlers
  8 komodo dragons
  3 trolls
  A polar bear (Lair:4)
  13 jumping spiders
  3 tyrant leeches
  23 blink frogs
  5 hornets
  8 hippogriffs
  A snapping turtle (Lair:4)
  The ghost of CInkIbrahim the Poker, an amateur OpGl (D:4)
  The ghost of ruun the Gusty, an amateur HaAE (D:3)
  31 redbacks
  16 tarantellas
  4 humans (D:11)
  5 hogs (Lair:5)
  2 basilisks
  40 yaks
  6 vampire mosquitoes (Lair:6)
  5 porcupines
  15 water moccasins
  A black bear (D:11)
  An ice beast (D:7)
  6 sky beasts
  9 orc warriors
  3 slaves (D:6)
  4 phantoms
  2 necrophages
  11 ogres
  5 centaurs
  39 wolves
  12 crocodiles
  22 bullfrogs
  3 scorpions
  6 killer bees (D:10)
  7 howler monkeys
  5 wights (D:9)
  4 electric eels
  2 crimson imps
  3 jellies
  A quasit (D:11)
  2 bullfrog skeletons
  14 hounds
  5 orc priests
  5 centaur skeletons
  10 orc wizards
  2 iguanas
  9 worker ants
  A hound skeleton (D:4)
  2 worker ant zombies
  9 adders
  11 river rats (D:5)
  7 gnolls (D:5)
  3 shadow imps
  2 oozes
  An adder zombie (D:5)
  An adder skeleton (D:6)
  4 worms
  2 dart slugs
  7 leopard geckos
  40 orcs
  9 bats
  9 giant cockroaches
  7 goblins
  6 hobgoblins
  15 jackals
  10 kobolds
  11 quokkas
  3 ball pythons
  4 frilled lizards
  2 jackal skeletons
  A leopard gecko zombie (D:6)
  2 quokka skeletons (D:6)
  27 rats
  3 fungi
  10 plants
680 creatures vanquished.

Vanquished Creatures (others)
  An eldritch tentacle (Lair:6)
  2 humans
  A wolf (Lair:6)
  An orc wizard (D:6)
  A shadow imp (D:6)
  8 fungi
  31 plants (Lair:6)
45 creatures vanquished.

Grand Total: 725 creatures vanquished

Notes
Turn   | Place    | Note
-------+----------+-------------------------------------------
     0 | D:1      | Kosschaser the Hill Orc Berserker began the quest for the Orb.
     0 | D:1      | Reached XP level 1. HP: 19/19 MP: 1/1
   169 | D:1      | Reached XP level 2. HP: 27/27 MP: 2/2
   545 | D:1      | Reached XP level 3. HP: 33/33 MP: 3/3
   981 | D:2      | Reached ** piety under Trog
  1248 | D:2      | Found a sacrificial altar of Ru.
  1256 | D:2      | Found a hide-covered altar of Uskayaw.
  1757 | D:3      | Reached XP level 4. HP: 41/41 MP: 4/4
  1821 | D:3      | Reached skill level 5 in Axes
  1824 | D:3      | Reached XP level 5. HP: 47/47 MP: 5/5
  2042 | D:3      | Reached skill level 6 in Axes
  2056 | D:3      | Noticed ruun's ghost (amateur HaAE)
  2074 | D:3      | Killed ruun's ghost
  2074 | D:3      | Reached *** piety under Trog
  2074 | D:3      | Reached skill level 5 in Fighting
  2074 | D:3      | Reached skill level 7 in Axes
  2074 | D:3      | Reached XP level 6. HP: 36/56 MP: 6/6
  2633 | D:4      | Noticed CInkIbrahim's ghost (amateur OpGl)
  2655 | D:4      | Killed CInkIbrahim's ghost
  2655 | D:4      | Reached skill level 8 in Axes
  2655 | D:4      | Reached XP level 7. HP: 29/61 MP: 7/7
  3082 | D:4      | Reached skill level 9 in Axes
  3082 | D:4      | Reached XP level 8. HP: 38/70 MP: 8/8
  3381 | D:4      | Reached skill level 5 in Armour
  3856 | D:5      | Entered Level 5 of the Dungeon
  3907 | D:5      | Got a brightly glowing pewter ring
  3908 | D:5      | Identified the ring "Ruceweka" {*Slow +Inv rElec rPois rC++} (You found it on level 5 of the Dungeon)
  3931 | D:5      | Noticed CInkIbrahim's ghost (novice OpGl)
  3949 | D:5      | Killed CInkIbrahim's ghost
  3949 | D:5      | Reached skill level 10 in Axes
  4090 | D:5      | Found a blossoming altar of Fedhas.
  4108 | D:5      | Reached **** piety under Trog
  4241 | D:5      | Reached skill level 1 in Stealth
  4261 | D:5      | Reached XP level 9. HP: 75/78 MP: 9/9
  4472 | D:5      | Found a staircase to the Ecumenical Temple.
  4566 | D:5      | Reached skill level 11 in Axes
  5062 | D:6      | Reached ***** piety under Trog
  5069 | D:6      | Reached skill level 12 in Axes
  5283 | D:6      | Noticed Pikel
  5303 | D:6      | Killed Pikel
  5429 | D:6      | Reached XP level 10. HP: 88/88 MP: 10/10
  5530 | D:7      | Gained mutation: You are agile. (Dex +2) [mutagenic meat]
  5531 | D:7      | Gained mutation: You have sharp fingernails. [mutagenic meat]
  5532 | D:7      | Gained mutation: You evolve. [mutagenic meat]
  5533 | D:7      | Gained mutation: You are resistant to electric shocks. (rElec) [mutagenic meat]
  5534 | D:7      | Gained mutation: You have very sharp fingernails. [mutagenic meat]
  5535 | D:7      | Lost mutation: You are agile. (Dex +2) [mutagenic meat]
  5634 | D:7      | Reached skill level 13 in Axes
  5943 | D:7      | Found a transporter.
  5979 | D:7      | Found a transporter.
  5979 | D:7      | Found a transporter.
  5979 | D:7      | Found a transporter.
  5979 | D:7      | Found a transporter.
  6025 | D:7      | Gained mutation: Your spells are a little easier to cast, but a little less powerful. [mutagenic meat]
  6026 | D:7      | Gained mutation: You have large cloven feet. [mutagenic meat]
  6027 | D:7      | Gained mutation: You are frail. (-10% HP) [mutagenic meat]
  6044 | D:7      | Got an ancient glass ring
  6046 | D:7      | Identified the ring of the Devil's Advocate {rElec rPois MR+ Slay+3} (You found it on level 7 of the Dungeon)
  6359 | D:8      | Found a staircase to the Lair.
  6574 | D:8      | Reached skill level 14 in Axes
  6596 | D:8      | Received a gift from Trog
  6885 | D:9      | Found a white marble altar of Elyvilon.
  6934 | D:9      | Gained mutation: You occasionally shout uncontrollably at your foes. [mutagenic meat]
  6935 | D:9      | Gained mutation: You do not regenerate when monsters are visible. [mutagenic meat]
  7143 | D:9      | Lost mutation: You are frail. (-10% HP) [evolution]
  7521 | D:10     | Entered Level 10 of the Dungeon
  7522 | D:10     | Found a portal to a secret trove of treasure.
  7537 | D:10     | Reached XP level 11. HP: 51/97 MP: 11/11
  7996 | D:10     | Reached skill level 15 in Axes
  8200 | D:10     | Reached skill level 10 in Fighting
  8481 | D:10     | Found a shadowy altar of Dithmenos.
  8801 | D:11     | Killed an unseen horror
  8912 | D:11     | Reached skill level 10 in Armour
  8913 | D:11     | Noticed a six-headed hydra
  8916 | D:11     | Noticed a manticore
  9223 | D:11     | Killed a one-headed hydra
  9356 | D:11     | Killed a manticore
  9422 | D:11     | Received a gift from Trog
  9435 | D:11     | Reached ****** piety under Trog
  9616 | D:11     | Killed an unseen horror
  9616 | D:11     | Reached skill level 16 in Axes
  9647 | D:11     | Reached XP level 12. HP: 63/110 MP: 12/12
  9832 | D:11     | Got a clouded ruby amulet
  9847 | D:11     | Identified the amulet "Doaj" {Spirit rN+ MR+ Slay+2} (You found it on level 11 of the Dungeon)
 10054 | D:11     | Noticed a death yak
 10054 | D:11     | Noticed a death yak
 10054 | D:11     | Noticed a death yak
 10054 | D:11     | Noticed a death yak
 10054 | D:11     | Noticed a death yak
 10054 | D:11     | Noticed a death yak
 10138 | D:11     | Found a blossoming altar of Fedhas.
 10563 | D:11     | Noticed a death yak
 10563 | D:11     | Noticed a death yak
 10563 | D:11     | Noticed a death yak
 10563 | D:11     | Noticed a death yak
 10636 | D:11     | Killed a death yak
 10713 | Lair:1   | Entered Level 1 of the Lair of Beasts
 10738 | Lair:1   | Noticed a seven-headed hydra
 10750 | Lair:1   | Killed a one-headed hydra
 10776 | Lair:1   | Gained mutation: Your movements are slightly less encumbered by armour. (ER -2) [evolution]
 11094 | Lair:1   | Reached skill level 17 in Axes
 11701 | Lair:2   | Found a hole to the Spider Nest.
 11713 | Lair:2   | Received a gift from Trog
 11984 | Lair:2   | Lost mutation: Your spells are a little easier to cast, but a little less powerful. [evolution]
 12883 | Lair:3   | Identified the Volume of Boosting Fire
 13203 | Lair:3   | Reached XP level 13. HP: 119/119 MP: 13/13
 13249 | Lair:3   | Received a gift from Trog
 13325 | Lair:3   | Reached skill level 18 in Axes
 13844 | Lair:4   | Found a staircase to the Shoals.
 15035 | Lair:5   | Noticed Kirke
 15050 | Lair:5   | Killed Kirke
 15549 | Lair:5   | Noticed Nessos
 15595 | Lair:5   | Killed Nessos
 16069 | Lair:6   | Entered Level 6 of the Lair of Beasts
 16074 | Lair:6   | Reached skill level 19 in Axes
 16082 | Lair:5   | Reached skill level 5 in Dodging
 16808 | Lair:6   | Reached XP level 14. HP: 130/130 MP: 10/14
 17018 | Lair:6   | Reached skill level 20 in Axes
 17401 | Lair:6   | Received a gift from Trog
 17674 | Lair:6   | Got a translucent ring mail
 17685 | Lair:6   | Identified the +5 ring mail of the Shoals {rPois Regen+ Slay+3} (You found it on level 6 of the Lair of Beasts)
 17771 | Lair:6   | Found a viscous altar of Jiyva.
 17771 | Lair:6   | Found a staircase to the Slime Pits.
 18165 | Spider:1 | Entered Level 1 of the Spider Nest
 18542 | Spider:1 | Received a gift from Trog
 18663 | Spider:1 | Reached skill level 15 in Fighting
 18935 | Spider:2 | Reached XP level 15. HP: 141/141 MP: 15/15
 19658 | Spider:2 | Reached skill level 21 in Axes
 19762 | Spider:2 | Gained mutation: You passively map a small area around you. [evolution]
 20603 | Spider:2 | Noticed a ghost moth
 20608 | Spider:2 | Killed a ghost moth
 20697 | Spider:3 | Received a gift from Trog
 20708 | Spider:3 | Blown up by an orb spider

Skill      XL: |  1  2  3  4  5  6  7  8  9 10 11 12 13 14 15 |
---------------+----------------------------------------------+-----
Fighting       | 4 5 6 7 9 11 12 13 15 16 | 16.0
Dodging        | 2 3 4 5 7 8 |  8.1
Axes           | 5 7 8 9 10 12 14 16 17 19 20 21 | 21.1
Armour         | 3 4 6 7 9 10 11 12 13 | 13.5
Stealth        | 1 2 |  2.0

Action                   |  1- 3 |  4- 6 |  7- 9 | 10-12 | 13-15 || total
-------------------------+-------+-------+-------+-------+-------++-------
Melee: Hand axe          |   123 |   129 |   452 |   116 |     6 ||   826
       Battleaxe         |       |       |       |   401 |   566 ||   967
       Kick              |       |       |       |   145 |   231 ||   376
Invok: Trog's Hand       |       |     1 |     3 |     3 |       ||     7
       Berserk           |       |     1 |     2 |     3 |     2 ||     8
       Burn Spellbooks   |       |       |       |     1 |     1 ||     2
  Use: Scroll            |       |     4 |     7 |    15 |     5 ||    31
       Potion            |       |       |       |       |     2 ||     2
 Stab: Sleeping          |     1 |       |       |       |     1 ||     2
       Distracted        |       |       |       |     1 |       ||     1
  Eat: Chunk             |     3 |     3 |    13 |    37 |    21 ||    77
       Meat ration       |       |       |       |     1 |       ||     1
       Royal jelly       |       |       |       |       |     1 ||     1
       Fruit             |       |       |       |       |     1 ||     1
Armor: Chain mail        |    75 |    89 |   228 |   269 |   168 ||   829
       Animal skin       |     1 |       |       |       |       ||     1
       Plate armour      |       |       |       |    67 |       ||    67
       Ring mail         |       |       |       |       |   197 ||   197
Dodge: Dodged            |    60 |    59 |   140 |   229 |   444 ||   932
